| TOP OF THE 1ST |
|
Pittsburgh Pirates batting - Pitching for Cincinnati Reds : RHP Curt Stevens
|
|
Pitching: RHP Curt Stevens
|
|
|
Batting: LHB Pat Sutton
|
0-0: Foul Ball, location: 2F 0-1: Swinging Strike 0-2: Strikes out swinging
|
|
Batting: LHB Marc Carter
|
0-0: Ball 1-0: Foul Ball, location: 2F 1-1: Fly out, F3 (Line Drive, 3, EV 73.1 MPH)
|
|
Batting: RHB Mike Thornton
|
0-0: Foul Ball, location: 2F 0-1: Ball 1-1: Called Strike 1-2: Ground out U3 (Groundball, 3, EV 84.4 MPH)
|
| Top of the 1st over - 0 runs, 0 hits, 0 errors, 0 left on base; Pittsburgh 0 - Cincinnati 0 |
| BOTTOM OF THE 1ST |
|
Cincinnati Reds batting - Pitching for Pittsburgh Pirates : RHP Josh Allport
|
|
Pitching: RHP Josh Allport
|
|
|
Batting: LHB Satoru Handa
|
0-0: Called Strike 0-1: Swinging Strike 0-2: Ground out 5-3 (Groundball, 56, EV 103.8 MPH)
|
|
Batting: LHB Jesus Lozano
|
0-0: DOUBLE (Line Drive, 7LM, EV 94.4 MPH)
|
|
Batting: LHB Sean Geisler
|
0-0: Called Strike 0-1: Ball 1-1: Ball 2-1: Foul Ball, location: 2F 2-2: Strikes out swinging
|
|
Batting: LHB Jake Bill
|
0-0: Ball 1-0: Ball 2-0: Ball 3-0: Fly out, F7 (Flyball, 7LS, EV 96.3 MPH)
|
| Bottom of the 1st over - 0 runs, 1 hit, 0 errors, 1 left on base; Pittsburgh 0 - Cincinnati 0 |
| TOP OF THE 2ND |
|
Pittsburgh Pirates batting - Pitching for Cincinnati Reds : RHP Curt Stevens
|
|
Batting: RHB Mike Cochran
|
0-0: Called Strike 0-1: Fly out, F3 (Line Drive, 3, EV 77.5 MPH)
|
|
Batting: RHB Pedro Nin
|
0-0: Called Strike 0-1: Foul Ball, location: 2F 0-2: Ball 1-2: Ball 2-2: Foul Ball, location: 2F 2-2: Ball 3-2: Strikes out looking
|
|
Batting: RHB Kirk Seiffert
|
0-0: Called Strike 0-1: SINGLE (Groundball, 6M, EV 93.1 MPH) (infield hit)
|
|
Batting: RHB Toshimi Shishido
|
0-0: Called Strike Kirk Seiffert steals 2nd base 0-1: Foul Ball, location: 2F 0-2: Ball 1-2: Strikes out looking
|
| Top of the 2nd over - 0 runs, 1 hit, 0 errors, 1 left on base; Pittsburgh 0 - Cincinnati 0 |
| BOTTOM OF THE 2ND |
|
Cincinnati Reds batting - Pitching for Pittsburgh Pirates : RHP Josh Allport
|
|
Batting: LHB Jon Ledesma
|
0-0: Called Strike 0-1: Ball 1-1: Ball 2-1: SINGLE (Groundball, 4MD, EV 98.1 MPH)
|
|
Batting: LHB Shawn Morrison
|
0-0: Ball Jon Ledesma is caught stealing 2nd base 2-6 1-0: Called Strike 1-1: Ball 2-1: Foul Ball, location: 2F 2-2: Ball 3-2: Ground out 4-3 (Groundball, 34D, EV 91.9 MPH)
|
|
Batting: SHB Dave Barefoot
|
0-0: Ball 1-0: Ball 2-0: DOUBLE (Line Drive, 78XD, EV 106.9 MPH)
|
|
Batting: RHB Willie Lazcano
|
0-0: Ball 1-0: Swinging Strike 1-1: Foul Ball, location: 2F 1-2: Foul Ball, location: 2F 1-2: Fly out, F9 (Flyball, 9, EV 81.3 MPH)
|
| Bottom of the 2nd over - 0 runs, 2 hits, 0 errors, 1 left on base; Pittsburgh 0 - Cincinnati 0 |
| TOP OF THE 3RD |
|
Pittsburgh Pirates batting - Pitching for Cincinnati Reds : RHP Curt Stevens
|
|
Batting: RHB Eisse Bravenboer
|
0-0: Swinging Strike 0-1: Ball 1-1: Ball 2-1: Foul Ball, location: 2F 2-2: Strikes out swinging
|
|
Batting: RHB Raul Mendoza
|
0-0: Ball 1-0: Called Strike 1-1: Swinging Strike 1-2: Foul Ball, location: 2F 1-2: Ball 2-2: Strikes out swinging
|
|
Batting: LHB Pat Sutton
|
0-0: Foul Ball, location: 2F 0-1: SINGLE (Line Drive, 34D, EV 105.6 MPH)
|
|
Batting: LHB Marc Carter
|
0-0: Ball 1-0: Ball 2-0: Ground out U3 (Groundball, 3, EV 83.1 MPH)
|
| Top of the 3rd over - 0 runs, 1 hit, 0 errors, 1 left on base; Pittsburgh 0 - Cincinnati 0 |
| BOTTOM OF THE 3RD |
|
Cincinnati Reds batting - Pitching for Pittsburgh Pirates : RHP Josh Allport
|
|
Batting: LHB Andy Arbuckle
|
0-0: Ball 1-0: Ball 2-0: Called Strike 2-1: SINGLE (Line Drive, 89M, EV 109.4 MPH)
|
|
Batting: LHB Satoru Handa
|
0-0: Ball 1-0: Ball 2-0: Called Strike 2-1: Fly out, F3 (Line Drive, 3, EV 69.4 MPH)
|
|
Batting: LHB Jesus Lozano
|
0-0: Ball 1-0: Ball 2-0: Swinging Strike 2-1: Foul Ball, location: 2F 2-2: Grounds into double play, 4-6-3 (Groundball, 4S, EV 90.0 MPH)
|
| Bottom of the 3rd over - 0 runs, 1 hit, 0 errors, 0 left on base; Pittsburgh 0 - Cincinnati 0 |
| TOP OF THE 4TH |
|
Pittsburgh Pirates batting - Pitching for Cincinnati Reds : RHP Curt Stevens
|
|
Batting: RHB Mike Thornton
|
0-0: Called Strike 0-1: Called Strike 0-2: Strikes out swinging
|
|
Batting: RHB Mike Cochran
|
0-0: Ball 1-0: Called Strike 1-1: Foul Ball, location: 2F 1-2: Foul Ball, location: 2F 1-2: SINGLE (Groundball, 4MD, EV 102.5 MPH)
|
|
Batting: RHB Pedro Nin
|
0-0: Ball 1-0: Ball 2-0: SINGLE (Groundball, 6MD, EV 99.4 MPH) Mike Cochran to second
|
|
Batting: RHB Kirk Seiffert
|
0-0: Ball 1-0: Reached via error on a dropped throw from 2B, E6 (Groundball, 4, EV 75.6 MPH) Mike Cochran to third Pedro Nin to second
|
|
Batting: RHB Toshimi Shishido
|
0-0: Called Strike 0-1: Ball 1-1: Foul Ball, location: 2F 1-2: Foul Ball, location: 2F 1-2: Ball 2-2: Foul Ball, location: 2F 2-2: Reached on error, E6 (Flyball, 56D, EV 90.0 MPH) Mike Cochran scores Pedro Nin to third Kirk Seiffert to second
|
|
Batting: RHB Eisse Bravenboer
|
0-0: Called Strike 0-1: Foul Ball, location: 2F 0-2: Foul Ball, location: 2F 0-2: Foul Ball, location: 2F 0-2: Ball 1-2: Fly out, F9 (Flyball, 89XD, EV 101.9 MPH) Runner from 3rd tags up, SCORES, no throw by RF Kirk Seiffert to third
|
|
Batting: RHB Raul Mendoza
|
0-0: Foul Ball, location: 2F 0-1: Swinging Strike 0-2: Ball 1-2: SINGLE (Groundball, 56D, EV 101.3 MPH) Kirk Seiffert scores Toshimi Shishido to second
|
|
Batting: LHB Pat Sutton
|
0-0: Ball 1-0: Ball 2-0: Ball 3-0: Called Strike 3-1: Foul Ball, location: 2F 3-2: SINGLE (Groundball, 34D, EV 94.4 MPH) Toshimi Shishido to third Raul Mendoza to second Toshimi Shishido scores Raul Mendoza to third
|
|
Batting: LHB Marc Carter
|
0-0: Called Strike 0-1: SINGLE (Line Drive, 78M, EV 91.9 MPH) Raul Mendoza scores Pat Sutton to second
|
|
Pitching: RHP Casey Truax
|
|
|
Batting: RHB Mike Thornton
|
0-0: Called Strike 0-1: Ball 1-1: Fielders Choice at 2nd, 6-4 (Groundball, 6, EV 104.4 MPH)
|
| Top of the 4th over - 5 runs, 5 hits, 2 errors, 2 left on base; Pittsburgh 5 - Cincinnati 0 |
| BOTTOM OF THE 4TH |
|
Cincinnati Reds batting - Pitching for Pittsburgh Pirates : RHP Josh Allport
|
|
Batting: LHB Sean Geisler
|
0-0: Called Strike 0-1: SINGLE (Groundball, 25, EV 65.6 MPH) (infield hit)
|
|
Batting: LHB Jake Bill
|
0-0: SINGLE (Groundball, 56D, EV 97.5 MPH) Sean Geisler to second
|
|
Batting: LHB Jon Ledesma
|
0-0: Ball 1-0: Foul Ball, location: 2F 1-1: Ball 2-1: Ball 3-1: Base on Balls Sean Geisler to third Jake Bill to second
|
|
Batting: LHB Shawn Morrison
|
0-0: Called Strike 0-1: Ball 1-1: Foul Ball, location: 2F 1-2: Foul Ball, location: 2F 1-2: Foul Ball, location: 2F 1-2: Strikes out swinging
|
|
Batting: SHB Dave Barefoot
|
0-0: Swinging Strike 0-1: Ball 1-1: Ball 2-1: Foul Ball, location: 2F 2-2: Ball 3-2: Strikes out swinging
|
|
Batting: RHB Willie Lazcano
|
0-0: Swinging Strike 0-1: Ball 1-1: Swinging Strike 1-2: Strikes out swinging
|
| Bottom of the 4th over - 0 runs, 2 hits, 0 errors, 3 left on base; Pittsburgh 5 - Cincinnati 0 |
| TOP OF THE 5TH |
|
Pittsburgh Pirates batting - Pitching for Cincinnati Reds : RHP Casey Truax
|
|
Batting: RHB Mike Cochran
|
0-0: Swinging Strike 0-1: Ball 1-1: Ground out 6-3 (Groundball, 6, EV 104.4 MPH)
|
|
Batting: RHB Pedro Nin
|
0-0: Ball 1-0: Ball 2-0: Foul Ball, location: 2F 2-1: Ball 3-1: Foul Ball, location: 2F 3-2: Base on Balls
|
|
Batting: RHB Kirk Seiffert
|
0-0: Ball 1-0: Grounds into double play, 4-6-3 (Groundball, 4, EV 85.6 MPH)
|
| Top of the 5th over - 0 runs, 0 hits, 0 errors, 0 left on base; Pittsburgh 5 - Cincinnati 0 |
| BOTTOM OF THE 5TH |
|
Cincinnati Reds batting - Pitching for Pittsburgh Pirates : RHP Josh Allport
|
|
Pitching: RHP Walt Quinn
|
|
|
Batting: LHB Andy Arbuckle
|
0-0: Swinging Strike 0-1: Foul Ball, location: 2F 0-2: Ball 1-2: Fly out, F7 (Line Drive, 7D, EV 85.6 MPH)
|
|
Batting: LHB Satoru Handa
|
0-0: Called Strike 0-1: Ground out 6-3 (Groundball, 6, EV 105.0 MPH)
|
|
Batting: LHB Jesus Lozano
|
0-0: Called Strike 0-1: Ball 1-1: Swinging Strike 1-2: Ball 2-2: Foul Ball, location: 2F 2-2: Fly out, F6 (Popup, 56D, EV 64.4 MPH)
|
| Bottom of the 5th over - 0 runs, 0 hits, 0 errors, 0 left on base; Pittsburgh 5 - Cincinnati 0 |
| TOP OF THE 6TH |
|
Pittsburgh Pirates batting - Pitching for Cincinnati Reds : RHP Casey Truax
|
|
Batting: RHB Toshimi Shishido
|
0-0: Ball 1-0: Called Strike 1-1: Fly out, F7 (Flyball, 7D, EV 95.0 MPH)
|
|
Batting: RHB Eisse Bravenboer
|
0-0: Foul Ball, location: 2F 0-1: Hit by Pitch
|
|
Batting: RHB Raul Mendoza
|
0-0: Grounds into double play, 4-6-3 (Groundball, 4, EV 103.8 MPH)
|
| Top of the 6th over - 0 runs, 0 hits, 0 errors, 0 left on base; Pittsburgh 5 - Cincinnati 0 |
| BOTTOM OF THE 6TH |
|
Cincinnati Reds batting - Pitching for Pittsburgh Pirates : RHP Walt Quinn
|
|
Batting: LHB Sean Geisler
|
0-0: Ball 1-0: Ground out 4-3 (Groundball, 34, EV 99.4 MPH)
|
|
Batting: LHB Jake Bill
|
0-0: Foul Ball, location: 2F 0-1: Ground out U3 (Groundball, 13, EV 85.6 MPH)
|
|
Batting: LHB Jon Ledesma
|
0-0: Ball 1-0: Foul Ball, location: 2F 1-1: Swinging Strike 1-2: Fly out, F7 (Flyball, 7, EV 89.4 MPH)
|
| Bottom of the 6th over - 0 runs, 0 hits, 0 errors, 0 left on base; Pittsburgh 5 - Cincinnati 0 |
| TOP OF THE 7TH |
|
Pittsburgh Pirates batting - Pitching for Cincinnati Reds : RHP Casey Truax
|
|
Pinch Hitting: RHB Steve Jordan
|
0-0: Ball 1-0: Foul Ball, location: 2F 1-1: Ground out 6-3 (Groundball, 6, EV 102.5 MPH)
|
|
Pinch Hitting: SHB Marvin McAleer
|
0-0: Ball 1-0: Foul Ball, location: 2F 1-1: Called Strike 1-2: Ball 2-2: Ball 3-2: SINGLE (Flyball, 9LS, EV 98.8 MPH)
|
|
Pitching: LHP Jose Estrada
|
|
|
Batting: RHB Tommie Eaton
|
0-0: Ball 1-0: Foul Ball, location: 2F 1-1: Swinging Strike 1-2: Foul Ball, location: 2F 1-2: Ball Marvin McAleer steals 2nd base (no throw) 2-2: Strikes out looking
|
|
Pinch Hitting: RHB Mike Bates
|
0-0: Ball 1-0: Called Strike 1-1: Called Strike 1-2: Ball 2-2: Strikes out swinging
|
| Top of the 7th over - 0 runs, 1 hit, 0 errors, 1 left on base; Pittsburgh 5 - Cincinnati 0 |
| BOTTOM OF THE 7TH |
|
Cincinnati Reds batting - Pitching for Pittsburgh Pirates : RHP Walt Quinn
|
|
Now at 1B: Eisse Bravenboer
|
|
|
Now at SS: Mike Bates
|
|
|
Now in LF: Steve Jordan
|
|
|
Now in CF: Marvin McAleer
|
|
|
Batting: LHB Shawn Morrison
|
0-0: Ball 1-0: Ball 2-0: Foul Ball, location: 2F 2-1: Ball 3-1: Swinging Strike 3-2: Foul Ball, location: 2F 3-2: Ground out 4-3 (Groundball, 4D, EV 78.1 MPH)
|
|
Batting: SHB Dave Barefoot
|
0-0: Ball 1-0: Foul Ball, location: 2F 1-1: Ball 2-1: SOLO HOME RUN (Line Drive, 89XD, EV 116.3 MPH), Distance : 443 ft
|
|
Batting: RHB Willie Lazcano
|
0-0: Ball 1-0: Ball 2-0: Ball 3-0: Called Strike 3-1: Called Strike 3-2: Strikes out looking
|
|
Batting: LHB Andy Arbuckle
|
0-0: Called Strike 0-1: Ball 1-1: DOUBLE (Flyball, 8LXD, EV 110.0 MPH)
|
|
Pinch Hitting: RHB Fred Slade
|
0-0: Ball 1-0: Foul Ball, location: 2F 1-1: Called Strike 1-2: Ball 2-2: Fly out, F7 (Flyball, 7LM, EV 89.4 MPH)
|
| Bottom of the 7th over - 1 run, 2 hits, 0 errors, 1 left on base; Pittsburgh 5 - Cincinnati 1 |
| TOP OF THE 8TH |
|
Pittsburgh Pirates batting - Pitching for Cincinnati Reds : LHP Jose Estrada
|
|
Now in LF: Fred Slade
|
|
|
Pinch Hitting: RHB David Contreras
|
0-0: Called Strike 0-1: Foul Ball, location: 2F 0-2: SINGLE (Groundball, 6MD, EV 93.8 MPH)
|
|
Batting: RHB Kirk Seiffert
|
0-0: Sac Bunt to 15S - play at first, batter OUT! 1-3 David Contreras to second
|
|
Batting: RHB Toshimi Shishido
|
0-0: Fly out, F7 (Line Drive, 7, EV 101.3 MPH)
|
|
Batting: RHB Eisse Bravenboer
|
0-0: Swinging Strike 0-1: Swinging Strike 0-2: Ball 1-2: Strikes out looking
|
| Top of the 8th over - 0 runs, 1 hit, 0 errors, 1 left on base; Pittsburgh 5 - Cincinnati 1 |
| BOTTOM OF THE 8TH |
|
Cincinnati Reds batting - Pitching for Pittsburgh Pirates : RHP Walt Quinn
|
|
Pitching: RHP Justin West
|
|
|
Now at 2B: David Contreras
|
|
|
Pinch Hitting: RHB Tom Beckman
|
0-0: Ball 1-0: Called Strike 1-1: Ball 2-1: Ground out 5-3 (Groundball, 56S, EV 69.4 MPH)
|
|
Batting: LHB Sean Geisler
|
0-0: Ball 1-0: Ground out 4-3 (Groundball, 4, EV 78.1 MPH)
|
|
Batting: RHB Willie Cardamone
|
0-0: Called Strike 0-1: Ball 1-1: Fly out, F8 (Line Drive, 8RD, EV 87.5 MPH)
|
| Bottom of the 8th over - 0 runs, 0 hits, 0 errors, 0 left on base; Pittsburgh 5 - Cincinnati 1 |
| TOP OF THE 9TH |
|
Pittsburgh Pirates batting - Pitching for Cincinnati Reds : LHP Jose Estrada
|
|
Now at 2B: Tom Beckman
|
|
|
Batting: RHB Raul Mendoza
|
0-0: Swinging Strike 0-1: DOUBLE (Flyball, 89D, EV 95.6 MPH)
|
|
Batting: RHB Steve Jordan
|
0-0: Called Strike 0-1: Fly out, F9 (Flyball, 9S, EV 88.8 MPH)
|
|
Batting: SHB Marvin McAleer
|
0-0: Swinging Strike 0-1: Ball 1-1: Swinging Strike 1-2: Ground out 4-3 (Groundball, 4, EV 88.1 MPH) Raul Mendoza to third
|
|
Batting: RHB Tommie Eaton
|
0-0: Called Strike 0-1: Foul Ball, location: 2F 0-2: Ground out 6-3 (Groundball, 6, EV 87.5 MPH)
|
| Top of the 9th over - 0 runs, 1 hit, 0 errors, 1 left on base; Pittsburgh 5 - Cincinnati 1 |
| BOTTOM OF THE 9TH |
|
Cincinnati Reds batting - Pitching for Pittsburgh Pirates : RHP Justin West
|
|
Pinch Hitting: LHB Randy Racine
|
0-0: Called Strike 0-1: Ground out 5-3 (Groundball, 56, EV 77.5 MPH)
|
|
Batting: LHB Shawn Morrison
|
0-0: Ball 1-0: Foul Ball, location: 2F 1-1: Fly out, F8 (Flyball, 8RM, EV 91.9 MPH)
|
|
Pinch Hitting: LHB Matt Sigurdson
|
0-0: Called Strike 0-1: Ball 1-1: Ball 2-1: Foul Ball, location: 2F 2-2: Foul Ball, location: 2F 2-2: Strikes out swinging
|
| Bottom of the 9th over - 0 runs, 0 hits, 0 errors, 0 left on base; Pittsburgh 5 - Cincinnati 1 |
|